 Dungeon Crawl Stone Soup version 0.22.1-1-ga44c0e5 (webtiles) character file.

8075 MalarOregon the Carver (level 11, 0/102 HPs)
             Began as a Minotaur Berserker on Sept 21, 2018.
             Was a High Priest of Trog.
             Killed from afar by a white imp (3 damage)
             ... with a puff of frost
             ... on level 11 of the Dungeon.
             The game lasted 00:13:57 (9180 turns).

MalarOregon the Carver (Minotaur Berserker)         Turns: 9180, Time: 00:13:58

Health: 0/102      AC: 13    Str: 25    XL:     11   Next: 5%
Magic:  10/10      EV: 11    Int:  4    God:    Trog [*****.]
Gold:   611        SH:  2    Dex: 10    Spells: 10/10 levels left

rFire    + . .     SeeInvis .   a - +1 long sword (venom)
rCold    + . .     Gourm    .   (no shield)
rNeg     . . .     Faith    .   z - +0 chain mail
rPois    .         Spirit   .   (helmet restricted)
rElec    .         Reflect  +   B - scarf {rC+ rF+}
rCorr    .         Harm     .   (no gloves)
MR       .....                  x - +0 pair of boots
Stlth    ..........             c - +2 amulet of reflection
HPRegen  0.27/turn              w - ring of attention (curse)
MPRegen  0.12/turn              (no ring)

@: berserk cooldown, starving, slowed, very slow
A: retaliatory headbutt, horns 2
a: Berserk, Trog's Hand, Brothers in Arms, Renounce Religion


You were on level 11 of the Dungeon.
You worshipped Trog.
Trog was extremely pleased with you.
You were starving.

You visited 1 branch of the dungeon, and saw 11 of its levels.

You collected 611 gold pieces.

Inventory:

Hand Weapons
 a - a +1 long sword of venom (weapon)
   (You found it on level 8 of the Dungeon)
Missiles
 m - 8 tomahawks (quivered)
 p - 68 poisoned needles
 r - 2 throwing nets {!f}
 A - 4 needles of paralysis
 E - 3 curare-tipped needles {!f}
 F - 7 javelins
 H - 3 poisoned javelins
Armour
 x - a +0 pair of boots (worn)
   (You found it on level 4 of the Dungeon)
 z - a +0 chain mail (worn)
   (You found it on level 7 of the Dungeon)
 B - a scarf of resistance (worn)
   (You found it on level 8 of the Dungeon)
Jewellery
 c - a +2 amulet of reflection (around neck)
   (You found it on level 1 of the Dungeon)
 t - an uncursed ring of poison resistance {unknown}
   (You found it on level 10 of the Dungeon)
 v - an uncursed ring of poison resistance {unknown}
   (You found it on level 9 of the Dungeon)
 w - a cursed ring of attention (left hand)
   (You found it on level 4 of the Dungeon)
Wands
 j - a wand of enslavement (6)
   (You found it on level 7 of the Dungeon)
 u - a wand of paralysis (6)
   (You found it on level 5 of the Dungeon)
 C - a wand of polymorph (9)
   (You found it on level 8 of the Dungeon)
 I - a wand of clouds (4)
   (You found it on level 10 of the Dungeon)
Scrolls
 b - 2 scrolls of fear
 g - 8 scrolls of teleportation {@r4}
 h - 2 scrolls of enchant weapon
 l - 2 scrolls of immolation {!r}
 y - 3 scrolls of remove curse {@r2}
 D - a scroll of magic mapping
 G - 3 scrolls of identify {@r1}
Potions
 d - a potion of flight
 f - 4 potions of curing {@q1}
 i - a potion of resistance {unknown}
 k - a potion of heal wounds {@q2}
 n - 2 potions of mutation {unknown}
 o - 3 potions of might
 q - a potion of lignification {unknown}
 s - 5 potions of agility
Comestibles
 e - 16 rations {!d}
 J - 2 chunks of flesh


   Skills:
 * Level 11.2 Fighting
 * Level 11.6 Long Blades
 * Level 10.9 Armour
 + Level 7.5 Dodging


You had 10 spell levels left.
You didn't know any spells.
Your spell library was empty.

Dungeon Overview and Level Annotations

Branches:
Dungeon (11/15)            Temple (0/1) D:5            Lair (0/6) D:8
    Orc: D:9-12

Altars:
Ashenzari
Dithmenos
Fedhas
Hepliaklqana
Kikubaaqudgha
Makhleb
Nemelex Xobeh
Okawaru
Qazlal
Ru
Sif Muna
Uskayaw
Vehumet
Wu Jian
Yredelemnul
Zin

Shops:
D:6 %

Portals:
Trove: D:11 (show slimy rune of Zot)
Ice
Cave: D:11


Innate Abilities, Weirdness & Mutations

You reflexively headbutt those who attack you in melee.
You have a pair of horns on your head.


Message History

You headbutt the white imp!
You kill the white imp!
Trog accepts your kill.
Unknown command.
You closely miss the white imp.
The bullfrog is engulfed in noxious fumes.
The bullfrog appears confused.
You block the white imp's attack.
Unknown command.
You slash the white imp!
You kill the white imp!
Trog accepts your kill. The white imp gestures at you.
The puff of frost hits you! You resist.
* * * LOW HITPOINT WARNING * * *
You hit the white imp.
The two-headed ogre is engulfed in noxious fumes.
The white imp barely misses you.
Unknown command.
You closely miss the white imp.
The two-headed ogre seems less confused.
The bullfrog hits you but does no damage.
The white imp gestures at you. The puff of frost hits you! You resist.
* * * LOW HITPOINT WARNING * * *
You slash the two-headed ogre! The white imp gestures at you.
The puff of frost hits you! You resist.
* * * LOW HITPOINT WARNING * * *
You block the two-headed ogre's attack.
The two-headed ogre hits you but does no damage.
The bullfrog barely misses you.
You are starving!
You hit the two-headed ogre.
The two-headed ogre is poisoned.
The white imp gestures at you. The puff of frost misses you.
You block the two-headed ogre's attack.
The two-headed ogre hits you with a giant club!!
* * * LOW HITPOINT WARNING * * *
Eat one of 2 chunks of flesh? (ye/n/q)
Okay, then.
As you read the scroll of fear, it crumbles to dust.
You assume a fearsome visage.
The white imp is unaffected.
The bullfrog looks frightened!
The two-headed ogre looks frightened!
The white imp completely misses you. You furiously retaliate!
You headbutt the white imp, but do no damage.
You riposte.
You slash the white imp! Your headbutt misses the white imp.
The two-headed ogre cowers, then darts away.
The white imp gestures at you. The puff of frost hits you! You resist.
You die...

*,****,,****,*,,*,**,,,,,,,*****
**,****,,,,,,,#...)....,,,,,,,,,,
,,,,,,,,,*****#.......,,,,,,,,,,,
*,******** ##......,,,,,,,,,**,
*,* #...(.∩,,,,,,,,,,**, *,******
#.....5,,**,,,**,*** *,,,,,,*
#O...,,,,#**,***,,,, ******,*
#..5#***.# *** *,*** ,,,,,,,*
#..@####.# *,* *****,,*
#..F#....# *,* *
*****,,**#####........# *,***
**,,,,,,,.......).....###****,,**
,,,**,,,,................,,,,,*,,
**,,,,*,,................,**,,,**
,,,,,,***#####....^......,,,,*∩**
**,**** #...########,**,,,** *,*
#<..# *,******


You could see a two-headed ogre (fleeing), a bullfrog (confused) and a white
imp.

Vanquished Creatures
  2 two-headed ogres
  A gargoyle (D:11)
  A queen bee (D:7)
  A hippogriff (D:7)
  5 yaks
  A steam dragon (D:7)
  Menkaure (D:5)
  A hungry ghost (D:9)
  Edmund (D:6)
  A water moccasin (D:10)
  An orc warrior (D:10)
  2 sky beasts
  A black bear (D:6)
  2 phantoms
  5 ogres
  3 ice beasts
  2 centaurs
  A big kobold (D:10)
  4 bullfrogs
  2 scorpions
  22 killer bees
  5 wights (D:8)
  2 howler monkeys
  5 crimson imps
  2 centaur zombies
  5 hounds
  2 quasits
  3 centaur skeletons
  3 orc priests
  A gnoll shaman (D:7)
  3 iguanas
  8 worker ants
  10 orc wizards
  A killer bee zombie (D:8)
  2 hound skeletons
  10 gnolls
  A howler monkey skeleton (D:4)
  10 adders
  11 white imps (D:11)
  An ooze (D:1)
  An adder zombie (D:8)
  An adder skeleton (D:9)
  2 worms
  3 dart slugs
  5 leopard geckos
  15 orcs
  3 giant cockroaches
  5 goblins
  6 hobgoblins
  7 jackals
  2 ball pythons (D:4)
  A ball python skeleton (D:5)
  10 bats
  3 frilled lizards (D:1)
  5 kobolds
  A leopard gecko zombie (D:8)
  A quokka skeleton (D:9)
  4 rats
220 creatures vanquished.

Notes
Turn   | Place    | Note
-------+----------+-------------------------------------------
     0 | D:1      | MalarOregon the Minotaur Berserker began the quest for the
                  | Orb.
     0 | D:1      | Reached XP level 1. HP: 19/19 MP: 0/0
   150 | D:1      | Reached XP level 2. HP: 25/27 MP: 1/1
   532 | D:2      | Reached XP level 3. HP: 33/33 MP: 2/2
   737 | D:2      | Reached ** piety under Trog
   957 | D:2      | Found a radiant altar of Vehumet.
   957 | D:2      | Found a hazy altar of Hepliaklqana.
   959 | D:2      | Found a basalt altar of Yredelemnul.
  1171 | D:3      | Reached XP level 4. HP: 40/40 MP: 3/3
  1285 | D:3      | Reached skill level 5 in Long Blades
  1940 | D:2      | Found a burning altar of Makhleb.
  1940 | D:2      | Found a hide-covered altar of Uskayaw.
  2033 | D:4      | Reached XP level 5. HP: 47/47 MP: 4/4
  2377 | D:4      | Reached XP level 6. HP: 55/55 MP: 5/5
  2411 | D:4      | Reached skill level 5 in Fighting
  2607 | D:5      | Entered Level 5 of the Dungeon
  2801 | D:5      | Noticed Menkaure
  2812 | D:5      | Killed Menkaure
  2812 | D:5      | Reached skill level 5 in Armour
  2812 | D:5      | Reached XP level 7. HP: 13/61 MP: 6/6
  3043 | D:5      | Found a staircase to the Ecumenical Temple.
  3824 | D:6      | Reached XP level 8. HP: 70/71 MP: 7/7
  3867 | D:6      | Noticed Edmund
  3874 | D:6      | Killed Edmund
  3891 | D:6      | Reached *** piety under Trog
  3906 | D:6      | Found a deep blue altar of Sif Muna.
  4011 | D:6      | Reached skill level 5 in Dodging
  4240 | D:6      | Found Imebbioxe's Food Emporium.
  4378 | D:7      | Noticed a hippogriff
  4384 | D:7      | Killed a hippogriff
  4385 | D:7      | Reached XP level 9. HP: 81/81 MP: 8/8
  4446 | D:7      | Found a burning altar of Makhleb.
  4563 | D:7      | Found a sparkling altar of Nemelex Xobeh.
  4877 | D:7      | Found a sacrificial altar of Ru.
  4954 | D:8      | Found a staircase to the Lair.
  5164 | D:8      | Noticed a queen bee
  5181 | D:7      | Killed a queen bee
  5604 | D:7      | HP: 4/83 [poisoned by a killer bee]
  5612 | D:7      | HP: 4/83 [poisoned by a killer bee]
  5990 | D:8      | Reached skill level 10 in Long Blades
  6574 | D:8      | Found a glowing silver altar of Zin.
  6639 | D:8      | Found a shadowy altar of Dithmenos.
  6794 | D:8      | Reached XP level 10. HP: 40/92 MP: 9/9
  7150 | D:8      | Reached **** piety under Trog
  7387 | D:9      | Reached skill level 10 in Fighting
  7587 | D:9      | Noticed a two-headed ogre
  7593 | D:9      | Killed a two-headed ogre
  7593 | D:9      | Reached skill level 10 in Armour
  7637 | D:9      | Found a stormy altar of Qazlal.
  7639 | D:9      | Found a blossoming altar of Fedhas.
  7786 | D:9      | Found an ancient bone altar of Kikubaaqudgha.
  7788 | D:9      | Found a shattered altar of Ashenzari.
  7791 | D:9      | Found an ornate altar of the Wu Jian Council.
  7911 | D:9      | Found an iron altar of Okawaru.
  8177 | D:10     | Entered Level 10 of the Dungeon
  8414 | D:10     | Noticed a two-headed ogre
  8421 | D:10     | Killed a two-headed ogre
  8540 | D:10     | Reached ***** piety under Trog
  9099 | D:11     | Found a portal to a secret trove of treasure.
  9099 | D:11     | Noticed a gargoyle
  9111 | D:11     | Killed a gargoyle
  9116 | D:11     | Reached XP level 11. HP: 51/102 MP: 10/10
  9159 | D:11     | Found a frozen archway.
  9159 | D:11     | Noticed a two-headed ogre
  9179 | D:11     | HP: 3/102 [two-headed ogre/giant club (19)]
  9180 | D:11     | Killed from afar by a white imp

Skill      XL: |  1  2  3  4  5  6  7  8  9 10 |
---------------+-------------------------------+-----
Long Blades    | 4 5 6 7 8 10 11 | 11.6
Fighting       | 4 5 6 8 9 11 | 11.2
Armour         | 3 4 5 6 7 9 10 | 10.9
Dodging        | 3 4 5 6 7 |  7.5

Action                   |  1- 3 |  4- 6 |  7- 9 | 10-12 || total
-------------------------+-------+-------+-------+-------++-------
Melee: Falchion          |    66 |    85 |   274 |       ||   425
       Headbutt          |    14 |    13 |    64 |    52 ||   143
       Long sword        |       |       |    25 |   224 ||   249
Invok: Berserk           |       |     1 |     4 |     2 ||     7
       Trog's Hand       |       |     1 |     3 |     1 ||     5
Evoke: Wand              |       |       |       |     2 ||     2
  Use: Scroll            |       |     8 |     6 |     2 ||    16
  Eat: Chunk             |     1 |     5 |    15 |     7 ||    28
       Ration            |       |       |     1 |     1 ||     2
Armor: Animal skin       |     3 |       |       |       ||     3
       Ring mail         |    11 |    22 |    35 |       ||    68
       Chain mail        |       |       |   125 |    97 ||   222
Dodge: Dodged            |    38 |    56 |   172 |   127 ||   393
Block: Other             |     3 |     3 |    27 |    18 ||    51
       Rpst.: Falchion   |     8 |    14 |    37 |       ||    59
       Long sword        |       |       |     7 |    26 ||    33
